 Dungeon Crawl Stone Soup version 0.29.1-1-gd02db6906a (webtiles) character file.

Game seed: 2768191597484278057

60 Earthwalker the Slasher (level 3, -7/30 HPs)
             Began as a Minotaur Gladiator on Oct 6, 2022.
             Killed by divine providence
             ... invoked by an orc priest
              (11 damage)
             ... on level 3 of the Dungeon.
             The game lasted 00:09:56 (2018 turns).

Earthwalker the Slasher (Minotaur Gladiator)        Turns: 2018, Time: 00:09:56

Health: -7/30      AC:  8    Str: 18    XL:     3   Next: 82%
Magic:  2/2        EV:  8    Int:  5    God:
Gold:   58         SH:  0    Dex: 13    Spells: 2/2 levels left

rFire   . . .      SeeInvis +   a - +0 long sword
rCold   . . .      Faith    .   (no shield)
rNeg    + . .      Spirit   .   i - +0 chain mail
rPois   .          Reflect  .   c - +0 hat
rElec   .          Harm     .   (no cloak)
rCorr   .          Rampage  .   (no gloves)
Will    .....                   (no boots)
Stlth   ..........              (no amulet)
HPRegen 0.10/turn               m - ring of positive energy
MPRegen 0.08/turn               p - ring of see invisible

@: no status effects
A: horns 2, retaliatory headbutt
a: no special abilities


You were on level 3 of the Dungeon.
You visited 1 branch of the dungeon, and saw 3 of its levels.

You collected 102 gold pieces.
You spent 44 gold pieces at shops.

Inventory:

Hand Weapons
 a - a +0 long sword (weapon)
Missiles
 d - 3 throwing nets (quivered)
 e - a javelin
 q - 2 poisoned darts
Armour
 c - a +0 hat (worn)
 i - a +0 chain mail (worn)
 s - a +0 cloak
Jewellery
 m - a ring of positive energy (left hand)
 p - a ring of see invisible (right hand)
Wands
 n - a wand of roots (10)
Scrolls
 f - a scroll of noise {unknown}
 h - a scroll of enchant weapon
 j - a scroll of fog
 k - a scroll of amnesia
 l - a scroll of fear {unknown}
Potions
 b - a potion of degeneration
 g - 4 potions of curing
 o - a potion of heal wounds {unknown}
 r - a potion of might {unknown}


   Skills:
 + Level 2.8 Fighting
 + Level 4.8 Long Blades
 + Level 2.1 Throwing
 + Level 0.5 Armour
 + Level 4.0 Dodging


You had 2 spell levels left.
You didn't know any spells.
Your spell library contained the following spells:

 Spells                   Type           Power      Damage    Failure   Level
 Necrotise                Necr           0%         1d4       100%        1
 Vampiric Draining        Necr           0%         2d6       100%        3
 Agony                    Necr           0%         N/A       100%        5


Dungeon Overview and Level Annotations

Branches:
Dungeon (3/15)

Altars:

Shops:
D:1 *


Innate Abilities, Weirdness & Mutations

You have a pair of horns on your head.
You reflexively headbutt those who attack you in melee.


Message History

Found a cloak.
An orc priest comes into view. It is wielding a +0 dagger.
The orc priest shouts!
The orc priest moves out of view.
Found a stone staircase leading down.
An orc comes into view. It is wielding a +0 club.
You see here a +0 cloak.
s - a +0 cloak The orc shouts!
You hear a shout!
The orc priest looks braver for a moment.
You hear a shout!
An orc comes into view. It is wielding a +0 whip.
The orc priest mumbles some strange prayers to Beogh against you.
Beogh smites you!
Ouch! That really hurt!
You closely miss the orc priest. Your headbutt misses the orc priest.
The orc priest hits you but does no damage.
You closely miss the orc priest.
An orc comes into view. It is wielding a +0 hand axe.
The orc priest hits you but does no damage.
You hit the orc priest.
The orc priest is lightly wounded.
The orc priest hits you but does no damage.
You barely miss the orc priest.
The orc priest is lightly wounded.
The orc priest invokes the aid of Beogh against you.
Beogh smites you!
* * * LOW HITPOINT WARNING * * *
A goblin comes into view. It is wielding a +0 club.
You slash the orc priest!
You headbutt the orc priest, but do no damage.
The orc priest is severely wounded.
The orc priest hits you with a +0 dagger.
* * * LOW HITPOINT WARNING * * *
You hit the orc priest.
The orc priest is severely wounded.
The orc priest hits you but does no damage.
The orc priest mumbles some strange prayers to Beogh against you.
Beogh smites you!
You die...

####### #..
#............
#####...
#.....#######
#....... # #.....# .
#....... #.#>....+ ##
###......## .#.....#
.'......' ...#'#
#......#######....#
#.......g@.o.oo.#
#......######o..#
#..)...'....#.#....o
#......####.#.#......
###)#'## #.#.#.....
#.#.# #.#.#.....
#.#.# #.#.# ..##
#.#.. #.#.# #.. #.###
### ###


You could see an orc priest, 3 orcs and a goblin.

Vanquished Creatures
  A gnoll (D:2)
  A worm (D:2)
  5 dart slugs
  3 endoplasms
  A giant cockroach (D:2)
  5 hobgoblins
  2 jackals (D:2)
  4 ball pythons (D:2)
  4 bats
  2 frilled lizards
  4 goblins
  2 kobolds
  4 rats
38 creatures vanquished.

Vanquished Creatures (others)
  A rat (D:1)
1 creature vanquished.

Grand Total: 39 creatures vanquished

Notes
Turn   | Place    | Note
-------+----------+-------------------------------------------
     0 | D:1      | Earthwalker the Minotaur Gladiator began the quest for the
                  | Orb.
     0 | D:1      | Reached XP level 1. HP: 18/18 MP: 0/0
   133 | D:1      | Reached XP level 2. HP: 25/25 MP: 1/1
   159 | D:1      | Found Xipliget's Assorted Antiques.
   298 | D:1      | Found a faded altar of an unknown god.
   663 | D:1      | Bought a scroll of identify for 44 gold pieces
   697 | D:2      | Reached XP level 3. HP: 26/30 MP: 2/2
  2018 | D:3      | Killed from afar by an orc priest

Illustrated notes

Levels and vault maps discovered:
D:1:      dpeg_arrival_radiant, layout_rooms,
          hellmonk_ecumenical_altar_crossroads, serial_shops, nicolae_shop_stone
D:2:      layout_loops_ring, serial_aquarium, aquarium_bridge_long_separate
          [aquarium_subvault_bridge, aquarium_subvault_balcony,
          aquarium_subvault_bridge, aquarium_subvault_bridge,
          aquarium_subvault_bridge, aquarium_subvault_wall],
          aquarium_bridge_square [aquarium_subvault_bridge,
          aquarium_subvault_wall, aquarium_subvault_bridge,
          aquarium_subvault_bridge], aquarium_window_fake, aquarium_window_1,
          aquarium_view_2d, aquarium_view_2e, aquarium_balcony_5a, st_stairs_11,
          cheibrodos_gnoll_hut
D:3:      layout_basic, reono_crystal_passage, uniq_terence

Skill      XL: |  1  2  3 |
---------------+----------+-----
Long Blades    | 4 |  4.8
Dodging        | 4 |  4.0
Fighting       | |  2.8
Throwing       | |  2.1
Armour         | |  0.5

Action                   || total
-------------------------++-------
Melee: Long sword        ||    95
       Headbutt          ||    16
       Punch             ||     1
  Use: Scroll            ||     5
Armor: Leather armour    ||     5
       Chain mail        ||    40
Dodge: Dodged            ||    35
